 Dungeon Crawl Stone Soup version 0.22-a0-284-g99d1f74 (webtiles) character file.

121 Amnesiac the Ducker (level 4, 0/23 HPs)
             Began as a Spriggan Fighter on Mar 21, 2018.
             Slain by a wight
             ... wielding a +0 great sword
              (3 damage)
             ... on level 4 of the Dungeon.
             The game lasted 00:02:56 (1817 turns).

Amnesiac the Ducker (Spriggan Fighter)              Turns: 1817, Time: 00:02:57

Health: 0/23       AC:  3    Str: 13    XL:     4   Next: 76%
Magic:  5/5        EV: 19    Int:  9    God:
Gold:   45         SH:  6    Dex: 15    Spells: 3/3 levels left

rFire    . . .     SeeInvis +   a - +0 long sword
rCold    . . .     Gourm    .   c - +0 buckler
rNeg     . . .     Faith    .   k - +0 robe
rPois    .         Spirit   .   (helmet restricted)
rElec    .         Reflect  .   g - +0 cloak
rCorr    .         Harm     .   (gloves unavailable)
MR       .....                  (boots unavailable)
Stlth    +.........             (no amulet)
HPRegen  0.07/turn              (no ring)
MPRegen  0.09/turn              (no ring)

@: drained, very quick
A: very small, unfitting armour, see invisible, herbivore, speed 3, slow
metabolism 2
a: no special abilities


You were on level 4 of the Dungeon.
You were not hungry.

You visited 1 branch of the dungeon, and saw 4 of its levels.

You collected 45 gold pieces.

Inventory:

Hand Weapons
 a - a +0 long sword (weapon)
 b - a +1 blowgun
Missiles
 l - 3 poisoned needles
Armour
 c - a +0 buckler (worn)
 g - a +0 cloak (worn)
 k - a +0 robe (worn)
Wands
 j - a wand of iceblast (2)
Scrolls
 e - a scroll of magic mapping {!r, unknown}
Potions
 d - a potion of might {!q}
 h - 3 potions of heal wounds {!q}
 i - 2 potions of flight {!q, unknown}
Comestibles
 f - 2 rations


   Skills:
 - Level 2.4(1.7) Fighting
 * Level 3.1(2.5) Long Blades
 + Level 5.5(4.8) Dodging
 + Level 2.8(2.1) Shields


You had 3 spell levels left.
You didn't know any spells.

Dungeon Overview and Level Annotations

Branches:
Dungeon (4/15)
 Temple: D:4-7

Altars:
Dithmenos
Makhleb
Wu Jian


Innate Abilities, Weirdness & Mutations

You are very small and have problems with some larger weapons.
You are too small for most types of armour.
You have supernaturally acute eyesight. (SInv)
You are a herbivore.
You cover ground extremely quickly.
You need to consume almost no food.


Message History

The hound is moderately wounded.
The hound completely misses you.
You riposte.
You hit the hound.
The hound is heavily wounded.
The hound misses you.
You riposte.
You slash the hound!
The hound is almost dead.
You completely miss the hound.
The hound is almost dead.
You block the hound's attack. x2
You barely miss the hound.
The hound is almost dead.
The hound bites you. The hound bites you but does no damage.
You hit the hound but do no damage.
The hound is almost dead.
The hound misses you. You block the hound's attack.
You barely miss the hound.
The hound is almost dead.
The hound bites you.
You closely miss the hound.
The hound is almost dead.
You block the hound's attack. The hound barely misses you.
You riposte.
You slash the hound!
You kill the hound!
Your Long Blades skill increases to level 3!
A leopard gecko comes into view.
You see here a wand of iceblast (2).
j - a wand of iceblast (2)
You closely miss the leopard gecko. The leopard gecko misses you.
You hit the leopard gecko.
The leopard gecko is almost dead.
The leopard gecko closely misses you. The leopard gecko misses you.
You riposte.
You slash the leopard gecko!
You kill the leopard gecko!
No target in view!
No target in view!
You now have 45 gold pieces (gained 11).
A wight comes into view. It is wielding a great sword.
A wight is nearby!
A wight is nearby!
You hit the wight.
The wight is lightly damaged.
You block the wight's attack.
You hit the wight but do no damage.
The wight is lightly damaged.
The wight misses you.
You hit the wight but do no damage.
The wight is lightly damaged.
The wight barely misses you.
You hit the wight.
The wight is moderately damaged.
The wight hits you with a great sword!
You feel drained.
* * * LOW HITPOINT WARNING * * *
You slash the wight!
The wight is severely damaged.
The wight completely misses you.
You hit the wight.
The wight is almost destroyed.
The wight misses you.
You riposte.
You hit the wight but do no damage.
The wight is almost destroyed.
You hit the wight but do no damage.
The wight is almost destroyed.
The wight hits you with a great sword!
* * * LOW HITPOINT WARNING * * *
You feel drained.
You die...

...######...##.#
.
#...........##.#
####........##.##
#.............
#.......#####
#.......#
#.......# #
#.......# ...
#......@#####...#
####.##.z........
..#............
...###...........
...# ##.###.#....
... #.## .# ..#
.. #.# # .# ..#
.##


You could see a wight.

Vanquished Creatures
  A bullfrog skeleton (D:3)
  A hound (D:4)
  4 adders (D:3)
  A worm (D:3)
  A dart slug (D:3)
  A leopard gecko (D:4)
  5 orcs (D:3)
  A bat (D:2)
  A giant cockroach (D:3)
  3 kobolds (D:3)
  A ball python (D:3)
  A frilled lizard (D:3)
  3 rats
24 creatures vanquished.

Notes
Turn   | Place    | Note
-------+----------+-------------------------------------------
     0 | D:1      | Amnesiac the Spriggan Fighter began the quest for the Orb.
     0 | D:1      | Reached XP level 1. HP: 11/11 MP: 2/2
    77 | D:3      | Found an ornate altar of the Wu Jian Council.
   170 | D:3      | Reached XP level 2. HP: 10/16 MP: 3/3
   535 | D:3      | Found a shadowy altar of Dithmenos.
   564 | D:3      | Reached XP level 3. HP: 17/19 MP: 4/4
   673 | D:3      | Reached skill level 5 in Dodging
   828 | D:3      | Found a burning altar of Makhleb.
   830 | D:3      | Noticed a cacodemon
  1638 | D:3      | Reached XP level 4. HP: 20/23 MP: 5/5
  1817 | D:4      | Slain by a wight

Vault maps used:
D:1:      dpeg_arrival_pits
D:2:      nicolae_overflow_hidden_temple, uniq_jessica
D:3:      nicolae_overflow_crystal_walls, lemuel_crystal_altar, first_ration,
          hangedman_decor_push, minmay_fountain_box, minmay_misc_feat_cross,
          makhleb_altar_promises_db
D:4:      tgw_sif, tgw_fedhas, serial_shops, shop_fountains, glass_columns_b

Skill      XL: |  1  2  3  4 |
---------------+-------------+-----
Long Blades    | 2 3 |  3.1
Dodging        | 5 |  5.5
Fighting       | |  2.4
Shields        | |  2.8

Action                   |  1- 3 |  4- 6 || total
-------------------------+-------+-------++-------
Melee: Long sword        |    67 |    18 ||    85
  Use: Scroll            |     3 |       ||     3
 Stab: Sleeping          |     1 |       ||     1
Armor: Robe              |     2 |     1 ||     3
Dodge: Dodged            |    63 |    15 ||    78
Block: Buckler           |    20 |     5 ||    25
       Rpst.: Long sword |    21 |     6 ||    27

Table legend:
 A = Spawn XP
 B = Non-spawn XP
 C = Spawn XP percentage of total XP
 D = Spawn monster count
 E = Non-spawn monster count
 F = Spawn count percentage of total count
 G = Total turns spent on level
                    A         B        C        D         E        F      G
               +---------+---------+-------+---------+---------+-------+---------
         Total |       0 |     173 |   0.0 |       0 |      24 |   0.0 |  1817
               +---------+---------+-------+---------+---------+-------+---------
           D:2 |       0 |       3 |   0.0 |       0 |       2 |   0.0 |    54
           D:3 |       0 |     127 |   0.0 |       0 |      20 |   0.0 |  1694
           D:4 |       0 |      43 |   0.0 |       0 |       2 |   0.0 |    65
               +---------+---------+-------+---------+---------+-------+---------
